 Dungeon Crawl Stone Soup version 0.31-a0-1005-gfbdfbac (webtiles) character file.

Game seed: 1784398797119204597

586294 Coin the Demon Slayer (level 26, -17/236 HPs)
             Began as a Hill Orc Fighter on Nov 9, 2023.
             Was a High Priest of the Shining One.
             Demolished by an azure jelly (43 damage)
             ... created by the Royal Jelly
             ... on level 4 of the Pits of Slime on Nov 10, 2023.
             The game lasted 08:59:27 (46059 turns).

Coin the Demon Slayer (Hill Orc Fighter)           Turns: 46059, Time: 08:59:29

Health: -17/236    AC: 41    Str: 37 (38) XL:     26   Next: 84%
Magic:  23/36      EV: 13    Int:  7 (8)  God:    the Shining One [*****.]
Gold:   1070       SH: 36    Dex:  9 (10) Spells: 25/25 levels left

rFire   + + +        q - +8 hand axe "Yroirph" {heavy, Int+5}
rCold   . . .        E - +2 kite shield of Slovenliness {rElec rF+ Int-5 SInv}
rNeg    + + +        X - +15 Maxwell's patent armour {-Cast -Tele rElec Will+ rCorr}
rPois   +            A - +0 mask of the Dragon {Will+ Slay+3 SInv}
rElec   +            H - +0 cloak
rCorr   +            o - +0 pair of gloves {Str+3}
SInv    +            g - +2 pair of boots of Baihead {rF+ rCorr Str+4}
Will    +++..        Q - amulet "Hasiesyi" {-Tele rPois rF+++ Regen+ rCorr} Stlth
                     e - +4 ring of slaying
HPRegen 1.39/turn    T - ring of the Octopus King {rN+ HP+2 AC+2 EV+2 SH+2}
MPRegen 0.25/turn

%: no teleportation, no spellcasting
@: divinely shielded, corroded, glowing
A: hooves 1, see invisible, deterioration 2, frail 1, low MP 1, subdued magic 1,
MP-powered wands
}: 4/15 runes: decaying, serpentine, silver, abyssal
a: Renounce Religion, Divine Shield, Cleansing Flame, Summon Divine Warrior


You were on level 4 of the Pits of Slime.
You worshipped the Shining One.
The Shining One was extremely pleased with you.
You visited 10 branches of the dungeon, and saw 45 of its levels.
You visited the Abyss 1 time.
You also visited: Sewer, Wizlab and Desolation.

You collected 5610 gold pieces.
You spent 4540 gold pieces at shops.

Inventory:

Hand Weapons
 l - the +27 heavy crossbow "Sniper" {heavy, Acc+∞ SInv}
   (You found it on level 3 of the Crypt)

   Acc+∞: It never misses its target.
   SInv:      It lets you see invisible.
 q - the +8 hand axe "Yroirph" (weapon) {heavy, Int+5}
   (You found it on level 3 of the Crypt)

   Int+5:     It affects your intelligence (+5).
 y - a +5 broad axe
 O - the +4 morningstar of Death's Door {holy, Fragile +Blink rC+}
   (You found it in the Desolation of Salt)

   rC+:       It protects you from cold.
   +Blink:    It lets you blink.
   Fragile:   It will be destroyed if unequipped.
Missiles
 x - 4 silver javelins (quivered)
Armour
 g - the +2 pair of boots of Baihead (worn) {rF+ rCorr Str+4}
   (You found it on level 5 of the Vaults)

   Str+4:     It affects your strength (+4).
   rF+:       It protects you from fire.
   rCorr:     It protects you from acid and corrosion.
 o - a +0 pair of gloves of strength (worn)
 z - a +1 pair of boots of flying
 A - the +0 mask of the Dragon (worn) {Will+ Slay+3 SInv}
   (You found it on level 12 of the Dungeon)

   Slay+3:    It affects your accuracy & damage with ranged weapons and melee
   (+3).
   Will+:     It increases your willpower.
   SInv:      It lets you see invisible.
 E - the +2 kite shield of Slovenliness (worn) {rElec rF+ Int-5 SInv}
   (You acquired it on level 12 of the Dungeon)

   Int-5:     It affects your intelligence (-5).
   rF+:       It protects you from fire.
   rElec:     It insulates you from electricity.
   SInv:      It lets you see invisible.
 H - a +0 cloak (worn)
 X - the +15 Maxwell's patent armour (worn) {-Cast -Tele rElec Will+ rCorr}
   (You bought it in a shop on level 11 of the Dungeon)

   rElec:     It insulates you from electricity.
   Will+:     It increases your willpower.
   -Cast:     It prevents spellcasting.
   -Tele:     It prevents most forms of teleportation.
   rCorr:     It protects you from acid and corrosion.
Jewellery
 e - a +4 ring of slaying (left hand)
 Q - the amulet "Hasiesyi" (around neck) {-Tele rPois rF+++ Regen+ rCorr}
   (You found it on level 1 of the Vaults)

   [amulet of regeneration]

   rF+++:     It renders you almost immune to fire.
   rPois:     It protects you from poison -Tele: It prevents most forms of
   teleportation.
   Regen+:    It increases your rate of health regeneration.
   rCorr:     It protects you from acid and corrosion.
 T - a ring of the Octopus King (right hand) {rN+ HP+2 AC+2 EV+2 SH+2}
   (You took it off a deep elf master archer on level 3 of the Elven Halls)

   [ring of positive energy]

   AC+2:      It affects your AC (+2).
   EV+2:      It affects your evasion (+2).
   rN+:       It protects you from negative energy.
   HP+2:      It affects your health (+2).
   SH+2:      It affects your SH (+2).
Wands
 v - a wand of mindburst (26)
 C - a wand of digging (3)
 G - a wand of paralysis (30)
 I - a wand of polymorph (21)
 L - a wand of roots (46)
 Y - a wand of light (21)
 Z - a wand of flame (66)
Scrolls
 a - 3 scrolls of brand weapon
 f - 11 scrolls of fog
 m - 6 scrolls of noise
 r - 3 scrolls of revelation
 u - 6 scrolls of enchant armour
 D - 8 scrolls of immolation
 F - a scroll of summoning
 K - 7 scrolls of fear
 N - 5 scrolls of silence
 P - 12 scrolls of poison
 U - 6 scrolls of enchant weapon
 V - 3 scrolls of torment
Potions
 d - 10 potions of might
 i - 6 potions of brilliance
 j - 14 potions of mutation
 k - 4 potions of magic
 n - 15 potions of curing
 p - 9 potions of lignification
 s - 9 potions of enlightenment
 t - 5 potions of berserk rage
 w - 5 potions of heal wounds
 B - 3 potions of haste
 J - a potion of cancellation
 M - 2 potions of ambrosia
 S - 2 potions of attraction
Miscellaneous
 b - a phial of floods
 c - a phantom mirror
 h - a condenser vane
 R - a sack of spiders
 W - a lightning rod (4/4)


   Skills:
 + Level 25.8 Fighting
 O Level 27 Axes
 - Level 22.0 Armour
 - Level 8.0 Dodging
 - Level 22.0 Shields
 O Level 27 Invocations
 - Level 5.0 Evocations


You had 25 spell levels left.
You didn't know any spells.
Your spell library contained the following spells:

 Spells                   Type           Power      Damage    Failure   Level
 Apportation              Tloc           0%         N/A       80%         1
 Freeze                   Ice            0%         1d3       80%         1
 Magic Dart               Conj           0%         1d3       80%         1
 Necrotise                Necr           0%         1d4       80%         1
 Slow                     Hex            0%         N/A       80%         1
 Summon Small Mammal      Summ           0%         N/A       80%         1
 Call Imp                 Summ           0%         N/A       90%         2
 Lesser Beckoning         Tloc           0%         N/A       90%         2
 Poisonous Vapours        Pois/Air       0%         N/A       90%         2
 Scorch                   Fire           0%         2d5       90%         2
 Sublimation of Blood     Necr           0%         N/A       90%         2
 Wereblood                Tmut           0%         N/A       90%         2
 Call Canine Familiar     Summ           0%         N/A       99%         3
 Confusing Touch          Hex            0%         N/A       99%         3
 Frozen Ramparts          Ice            0%         1d1       99%         3
 Gell's Gravitas          Tloc           0%         N/A       99%         3
 Hailstorm                Conj/Ice       0%         3d3       99%         3
 Mephitic Cloud           Conj/Pois/Air  0%         N/A       99%         3
 Sigil of Binding         Hex            0%         N/A       99%         3
 Summon Guardian Golem    Hex/Summ       0%         N/A       99%         3
 Teleport Other           Tloc           0%         N/A       99%         3
 Tukima's Dance           Hex            0%         N/A       99%         3
 Vampiric Draining        Necr           0%         2d6       99%         3
 Volatile Blastmotes      Fire/Tloc      0%         2d10      99%         3
 Animate Dead             Necr           0%         N/A       100%        4
 Dispel Undead            Necr           0%         3d6       100%        4
 Flame Wave               Conj/Fire      0%         2d4       100%        4
 Fulminant Prism          Conj/Hex       0%         3d5       100%        4
 Iskenderun's Mystic Bla  Conj/Tloc      0%         2d3       100%        4
 Passage of Golubria      Tloc           0%         N/A       100%        4
 Petrify                  Tmut/Erth      0%         N/A       100%        4
 Vhi's Electric Charge    Tloc/Air       0%         N/A       100%        4
 Agony                    Necr           0%         N/A       100%        5
 Alistair's Intoxication  Tmut/Pois      0%         N/A       100%        5
 Arcjolt                  Conj/Air       0%         1d10      100%        5
 Borgnjor's Vile Clutch   Necr/Erth      0%         N/A       100%        5
 Freezing Cloud           Conj/Ice/Air   0%         6-21      100%        5
 Irradiate                Conj/Tmut      0%         3d11      100%        5
 Yara's Violent Unravell  Hex/Tmut       0%         3d3       100%        5
 Eringya's Noxious Bog    Tmut/Pois      0%         4d6       100%        6
 Plasma Beam              Fire/Air       0%         2x1d10    100%        6
 Summon Cactus Giant      Summ           0%         N/A       100%        6
 Haunt                    Necr/Summ      0%         N/A       100%        7
 Infestation              Necr           0%         N/A       100%        8
 Maxwell's Capacitive Co  Air            0%         ∞         100%        8
 Death's Door             Necr           0%         N/A       100%        9


Dungeon Overview and Level Annotations

Branches:
Dungeon (13/15)            Temple (1/1) D:4            Lair (5/5) D:11
  Swamp (4/4) Lair:3        Snake (4/4) Lair:2        Slime (5/5) Lair:5
    Orc (2/2) D:11            Elf (3/3) Orc:2        Vaults (5/5) D:13
  Crypt (3/3) Vaults:3       Tomb (0/3) Crypt:3       Sewer (visited)
 WizLab (visited)         Desolation (visited)

Altars:
Ashenzari
Cheibriados
Dithmenos
Elyvilon
Fedhas
Gozag
Hepliaklqana
Kikubaaqudgha
Makhleb
Nemelex Xobeh
Okawaru
Qazlal
Ru
Sif Muna
Trog
Uskayaw
Vehumet
Wu Jian
Xom
Yredelemnul
Zin
The Shining One
Beogh
Jiyva

Shops:
D:1 !   D:11 ([   Orc:2 **([   Snake:2 :=:   Snake:3 *   Vaults:2 !([?(
Vaults:3 ([:*   Vaults:4 (

Portals:
Trove: D:13 (give +8 demon trident)

Annotations:
Snake:2 2 transporters, Qootor's ghost, journeyman DECj


Innate Abilities, Weirdness & Mutations

You have large cloven feet.
You have supernaturally acute eyesight. (SInv)
Your body often deteriorates upon taking damage.
You are frail. (-10% HP)
Your magical capacity is low. (-10% MP)
Your spells are a little easier to cast, but a little less powerful.
You expend magic power (3 MP) to strengthen your wands.


Message History

You block the azure jelly's attack. The acid blob spits acid at you.
The splash of acid hits you. You resist.
* * * LOW HITPOINT WARNING * * *
The azure jelly hits you but does no damage. x4
The rockslime hits you but does no damage.
The acid blob hits you.
* * * LOW HITPOINT WARNING * * *
You are splashed with acid.
You resist.
* * * LOW HITPOINT WARNING * * *
You block the acid blob's attack. The rockslime hits you!
* * * LOW HITPOINT WARNING * * *
You hold your ground!
Okay, then.
Activating: Cleansing Flame (0% risk of failure)
Press: ? - help, Dir - look around, f - activate The golden flame engulfs you but does no damage.
You resist.
The golden flame engulfs the acid blob!!!!
You kill the acid blob!
That felt strangely unrewarding.
The golden flame engulfs the rockslime!!!
The rockslime is almost dead.
The golden flame engulfs the azure jelly!!!
The azure jelly is severely wounded.
The golden flame engulfs the acid blob!!
The acid blob is severely wounded.
The golden flame engulfs the rockslime.
The rockslime is moderately wounded.
The golden flame engulfs the azure jelly.
The azure jelly is heavily wounded.
The golden flame engulfs the acid blob!!!
You kill the acid blob!
That felt strangely unrewarding.
You block the azure jelly's attack. x3
The azure jelly barely misses you.
The acid blob hits you but does no damage.
The azure jelly hits you.
* * * LOW HITPOINT WARNING * * *
The azure jelly freezes you!!!
You die...

#####.##..................##
.#.#........#....#.<.......#
..........................##
......<...........#.#......#
........#...........#.....##
.........................##
.#........................##
##........#.....JJ.........#
#.....^....#...J@J.........#
#..............J........#.##
.....#..#..................#
..#..#..##..#..............#
..#.......#.#..............#
.###..................<...##
# #........................#
##.......................#
##..................#..##


You could see an acid blob, 2 azure jellies and 2 rockslimes.

Vanquished Creatures
  the Royal Jelly (Slime:5)
  3 ancient liches
  Frederick (Vaults:4)
  Margery (Vaults:2)
  Saint Roka (Orc:2)
  Xtahua (Crypt:3)
  Norris (Elf:2)
  3 golden dragons (Vaults:5)
  5 bone dragons (Abyss:3)
  A mutant beast (WizLab)
  A shard shrike zombie (Crypt:3)
  5 tentacled monstrosities
  A hellephant (Abyss:3)
  Zenata (Vaults:2)
  7 liches
  Rupert (D:13)
  2 quicksilver dragons (Vaults:5)
  21 acid blobs
  5 sphinxes
  A deep elf blademaster (Elf:3)
  An ancient champion (Crypt:2)
  4 titans (Vaults:5)
  3 deep elf master archers (Elf:3)
  An Executioner (Abyss:3)
  22 tentacled starspawn
  3 thorn hunters
  5 shadow dragons (Vaults:5)
  Kirke (Lair:3)
  3 storm dragons (Vaults:5)
  2 tengu reavers (Vaults:5)
  15 rockslimes
  5 revenants
  6 nagarajas
  3 fire giants (Vaults:5)
  3 frost giants (Vaults:5)
  12 azure jellies
  3 imperial myrmidons (Desolation)
  7 deep elf sorcerers
  17 vault wardens
  A caustic shrike zombie (Crypt:3)
  3 war gargoyles
  3 ghouls (Crypt:1)
  15 ironbound preservers
  3 deep elf elementalists
  2 cacodemons (Abyss:3)
  3 curse skulls
  3 juggernaut skeletons
  2 juggernaut zombies (Crypt:3)
  3 caustic shrike skeletons (Crypt:3)
  9 ironbound thunderhulks
  An ophan (Abyss:4)
  3 reapers (Crypt:3)
  27 very ugly things
  7 formless jellyfish
  A starflower (Abyss:4)
  5 quicksilver oozes
  6 eleionomae
  7 deep elf annihilators (Elf:3)
  5 stone giants (Vaults:5)
  A black draconian (Abyss:4)
  A purple draconian (Abyss:3)
  2 red draconians (Abyss:3)
  9 deep elf demonologists
  Azrael (Snake:2)
  6 dire elephants
  2 halazid warlocks (Desolation)
  3 bunyips
  9 eidola
  An ettin (shapeshifter) (WizLab)
  2 ettins (Vaults:5)
  12 deep elf death magi
  Snorg (Lair:5)
  10 jiangshi
  A blizzard demon (Abyss:3)
  A crystal guardian (Desolation)
  A mummy priest (Crypt:3)
  A fire dragon (Swamp:4)
  The ghost of Kave the Grappler, a journeyman TrSh (D:12)
  15 yaktaur captains
  2 shambling mangroves
  A fire dragon (shapeshifter) (WizLab)
  4 ragged hierophants (Desolation)
  8 deep elf high priests
  3 entropy weavers
  14 great orbs of eyes
  13 hydras
  5 peacekeepers
  A rakshasa (Abyss:3)
  4 spriggan zombies
  A quicksilver dragon skeleton (Crypt:3)
  8 servants of whispers (Desolation)
  A hydra (shapeshifter) (WizLab)
  32 vault guards
  3 salamander tyrants
  7 alligators
  4 radroaches (WizLab)
  10 anacondas
  A catoblepas (Lair:3)
  3 ogre magi
  7 ironbound frosthearts
  A sphinx skeleton (Crypt:2)
  10 centaur warriors
  8 two-headed ogres
  2 boulder beetles
  A satyr (shapeshifter) (WizLab)
  A death knight (Abyss:4)
  11 naga warriors
  A two-headed ogre (shapeshifter) (Abyss:3)
  2 tengu warriors
  32 thrashing horrors
  9 shock serpents
  3 demonic crawlers
  5 hell hogs (Abyss:3)
  25 dancing weapons
  A deep troll earth mage (Vaults:5)
  An orc high priest (Orc:1)
  7 vampire magi
  3 titan zombies
  2 occultists (Abyss:3)
  4 sun demons
  6 naga sharpshooters
  A titan skeleton (Crypt:1)
  Urug (Orc:1)
  23 deep elf knights
  4 skysharks
  8 soul eaters
  A storm dragon zombie (Crypt:3)
  3 hell knights
  6 sixfirhies
  A skyshark (shapeshifter) (WizLab)
  7 salamander mystics
  4 skeletal warriors
  23 wretched stars
  3 shadow wraiths
  A storm dragon skeleton (Vaults:4)
  A sea snake (Snake:1)
  2 bunyip zombies
  37 deep trolls
  3 goliath frogs (Swamp:1)
  3 spriggan druids
  3 death drakes (shapeshifter)
  An orb spider (shapeshifter) (WizLab)
  A swamp dragon (shapeshifter) (WizLab)
  2 shadow demons (Abyss:3)
  8 swamp dragons
  44 large abominations
  5 glowing orange brains
  3 flayed ghosts
  11 naga ritualists
  An orb spider (Abyss:3)
  A spriggan simulacrum (Abyss:3)
  A lindwurm (shapeshifter) (WizLab)
  9 orc knights
  4 arcanists
  3 harpies (Vaults:2)
  3 bog bodies
  25 necromancers
  14 lindwurms
  Pikel (D:6)
  29 deep elf pyromancers
  19 phantasmal warriors
  25 ironbound convokers
  18 deep elf archers
  A harpy (shapeshifter) (Abyss:3)
  10 mana vipers
  23 deep elf zephyrmancers
  5 orc sorcerers
  3 shining eyes
  23 ugly things
  6 worldbinders
  An iron dragon zombie (Crypt:3)
  2 manticores (shapeshifter) (WizLab)
  3 fauns (shapeshifter) (WizLab)
  3 wolf spiders (Crypt:3)
  28 salamanders
  6 elephants
  A shadow dragon skeleton (Vaults:5)
  4 will-o-the-wisps
  2 moths of wrath (D:12)
  3 oklob plants (Abyss:3)
  4 cyclopes
  3 apocalypse crabs
  13 naga magi
  7 guardian serpents
  25 vault sentinels
  A cyclops (shapeshifter) (Vaults:5)
  3 centaur zombies
  An elephant (shapeshifter) (WizLab)
  2 stone giant skeletons
  A rust devil (Abyss:3)
  17 smoke demons
  An eye of devastation (shapeshifter) (WizLab)
  A water nymph (shapeshifter) (WizLab)
  3 dire elephant zombies
  37 black mambas
  A molten gargoyle (Desolation)
  3 naga skeletons
  An eye of devastation (Slime:3)
  2 centaur skeletons (Crypt:1)
  A torpor snail (Lair:5)
  2 orange demons (Abyss:3)
  An orc skeleton (Crypt:1)
  8 cane toads
  A gargoyle (D:11)
  4 efreet
  A dire elephant skeleton (Crypt:3)
  4 rime drakes
  A komodo dragon (shapeshifter) (WizLab)
  10 freezing wraiths
  3 hellions
  A bunyip simulacrum (Crypt:1)
  2 tormentors (Abyss:3)
  An alligator snapping turtle skeleton (Crypt:2)
  An anaconda simulacrum (Abyss:4)
  12 ancient zymes
  4 unseen horrors
  2 kobold demonologists (Abyss:3)
  7 komodo dragons
  An iron troll zombie (Crypt:2)
  A minotaur skeleton (Crypt:2)
  39 yaktaurs
  A mana viper zombie (Crypt:1)
  2 unseen horror skeletons
  A yaktaur skeleton (Vaults:4)
  A red devil (Abyss:3)
  A silent spectre (Abyss:3)
  8 tyrant leeches
  5 harpy zombies (Crypt:3)
  2 guardian mummies (Crypt:1)
  7 polar bears
  11 trolls
  A bloated husk (Swamp:4)
  20 hornets
  A wind drake (shapeshifter) (Vaults:5)
  A tarantella (Vaults:4)
  13 hellwings (Crypt:3)
  6 glass eyes
  6 dream sheep (Lair:5)
  37 raiju
  48 saltlings (Desolation)
  3 harpy skeletons
  79 slime creatures
  29 blink frogs
  A fire dragon zombie (Crypt:1)
  A blink frog (shapeshifter) (Elf:1)
  4 jumping spiders (Crypt:3)
  A stone giant simulacrum (Vaults:4)
  13 ynoxinuls
  A slime creature (shapeshifter) (WizLab)
  8 air elementals
  A shadow (Abyss:3)
  21 spriggans
  3 water elementals
  A dire elephant simulacrum (Crypt:1)
  2 steam dragons (D:9)
  5 vampires
  12 wraiths
  2 hogs (Swamp:1)
  36 yaks
  5 fire bats (Abyss:3)
  69 starcursed masses
  6 basilisks
  A black mamba skeleton (Crypt:3)
  3 fire elementals
  8 neqoxecs
  6 wyverns
  A human (shapeshifter) (Elf:2)
  An iron golem (WizLab)
  3 redbacks
  8 chaos spawn
  3 golden eyes
  The ghost of Ubbricas the Slasher, an amateur MfWr (D:3)
  19 swamp worms
  2 deep troll zombies
  A glowing shapeshifter zombie (Vaults:5)
  5 vampire mosquitoes
  A fire bat zombie (Crypt:2)
  A naga zombie (Crypt:3)
  4 acid dragons
  7 wargs
  37 nagas
  An ogre zombie (Vaults:5)
  25 water moccasins
  6 hell hounds
  5 black bears
  5 swamp drakes
  43 orc warriors
  A sky beast (D:7)
  An ettin simulacrum (Vaults:4)
  3 ogres
  4 boggarts (Lair:5)
  48 wolves
  A snapping turtle skeleton (Crypt:2)
  A phantom (D:7)
  A centaur (D:7)
  2 kobold brigands
  Blork the orc (D:4)
  48 small abominations
  3 gnoll sergeants
  12 bullfrogs
  5 earth elementals
  3 scorpions
  6 wyvern skeletons (Crypt:3)
  11 wights
  A polar bear zombie (Crypt:2)
  A warg skeleton (Crypt:1)
  5 electric eels
  A swamp dragon simulacrum (Crypt:1)
  A troll skeleton (Crypt:2)
  3 lava snakes (Snake:3)
  3 quasits (Abyss:3)
  6 hounds
  3 human zombies (Crypt:1)
  A sleepcap (D:4)
  17 orc priests
  6 jellies
  A gnoll bouda (D:9)
  5 iguanas
  4 iron imps (Abyss:3)
  Jessica (D:2)
  2 human skeletons
  29 orc wizards
  2 scorpion zombies (Crypt:1)
  2 lightning spires (Swamp:2)
  6 mummies
  11 adders
  23 gnolls
  5 river rats
  2 shadow imps
  5 white imps
  10 ufetubi
  A lava snake zombie (Crypt:2)
  3 worms
  4 dart slugs
  90 orcs
  A bat zombie (Crypt:2)
  9 endoplasms
  5 giant cockroaches
  7 goblins
  7 hobgoblins
  4 jackals (D:2)
  12 kobolds
  4 quokkas
  10 ball pythons
  7 bats
  10 frilled lizards
  A hobgoblin zombie (Crypt:1)
  12 rats
  5 lurking horrors (Abyss:3)
  A spectral weapon (Snake:1)
  34 starspawn tentacles
2561 creatures vanquished.

Vanquished Creatures (collateral kills)
  A profane servitor (Abyss:3)
  2 acid blobs (Slime:5)
  A tentacled starspawn (Abyss:3)
  3 starflowers (Abyss:3)
  A starspawn tentacle (Abyss:3)
8 creatures vanquished.

Vanquished Creatures (others)
  Asterion (Snake:1)
  A deep elf knight (Elf:3)
  A salamander mystic (Snake:4)
  A deep elf pyromancer (Elf:2)
  4 bloated husks (Swamp:2)
  A raiju (Abyss:3)
  A blink frog (Abyss:3)
  A ynoxinul (Abyss:3)
  2 fire elementals (Snake:2)
  A harpy simulacrum (Abyss:3)
  2 small abominations
  2 starcursed masses (Abyss:3)
  2 lightning spires (Swamp:2)
  2 white imps (Abyss:3)
  10 foxfires
  48 starspawn tentacles
80 creatures vanquished.

Grand Total: 2649 creatures vanquished

Notes
Turn   | Place    | Note
-------+----------+-------------------------------------------
     0 | D:1      | Coin the Hill Orc Fighter began the quest for the Orb.
     0 | D:1      | Reached XP level 1. HP: 19/19 MP: 1/1
   102 | D:1      | Found a faded altar of an unknown god.
   107 | D:1      | Reached XP level 2. HP: 22/27 MP: 2/2
   229 | D:1      | Found Tagotym's Distillery.
   598 | D:1      | Reached XP level 3. HP: 33/33 MP: 3/3
  1241 | D:2      | Noticed Jessica
  1243 | D:2      | Killed Jessica
  1244 | D:2      | Reached XP level 4. HP: 35/40 MP: 4/4
  1733 | D:3      | Reached skill level 5 in Armour
  1737 | D:3      | Found a runed translucent door.
  1740 | D:3      | Noticed Ubbricas's ghost (amateur MfWr)
  1820 | D:3      | Reached XP level 5. HP: 29/47 MP: 5/5
  1888 | D:3      | Found a glowing drain.
  1902 | D:3      | Reached skill level 5 in Fighting
  2034 | Sewer    | Entered a sewer
  2277 | Sewer    | Reached XP level 6. HP: 57/57 MP: 6/6
  2526 | D:3      | Found an opulent altar of Gozag.
  2796 | D:4      | Found a bloodstained altar of Trog.
  2862 | D:4      | Found a broken altar of Ashenzari.
  2932 | D:4      | Reached skill level 5 in Shields
  2951 | D:4      | Found a stormy altar of Qazlal.
  2958 | D:4      | Found a staircase to the Ecumenical Temple.
  2968 | Temple   | Entered the Ecumenical Temple
  3006 | Temple   | Became a worshipper of Elyvilon the Healer
  3161 | D:4      | Noticed Blork the orc
  3332 | D:4      | Reached XP level 7. HP: 39/64 MP: 7/7
  3407 | D:4      | Identified the +8 hand axe of Success {flame, rPois rF+
                  | MP+9 Str+5}
  3492 | D:4      | Killed Blork the orc
  3708 | D:3      | Gained mutation: Your body sometimes deteriorates upon
                  | taking damage. [potion of mutation]
  3708 | D:3      | Gained mutation: You have an increased reservoir of magic.
                  | (+10% MP) [potion of mutation]
  3788 | D:5      | Identified the of Meeh
  3788 | D:5      | Identified the of Weyfeyr
  3788 | D:5      | Identified the "Jyhil"
  3788 | D:5      | Entered Level 5 of the Dungeon
  3910 | D:5      | Found a shimmering blue altar of Sif Muna.
  3920 | D:5      | Reached * piety under Elyvilon
  4051 | D:5      | You fall into a shaft and drop 2 floors!
  4085 | D:7      | Reached skill level 5 in Axes
  4085 | D:7      | Reached XP level 8. HP: 73/73 MP: 8/8
  4107 | D:7      | Found an ancient bone altar of Kikubaaqudgha.
  4534 | D:6      | Found a radiant altar of Vehumet.
  4611 | D:5      | Reached ** piety under Elyvilon
  4689 | D:5      | Found a hide-covered altar of Uskayaw.
  5117 | D:6      | Reached skill level 10 in Axes
  5117 | D:6      | Reached XP level 9. HP: 15/73 MP: 9/9
  5527 | D:7      | Noticed Pikel
  5549 | D:8      | Noticed a hornet
  5573 | D:6      | Killed Pikel
  5805 | D:8      | Reached *** piety under Elyvilon
  6074 | D:8      | Killed a hornet
  6190 | D:8      | Reached **** piety under Elyvilon
  6532 | D:1      | Bought a potion of berserk rage for 70 gold pieces
  6532 | D:1      | Bought a potion of invisibility for 112 gold pieces
  6532 | D:1      | Bought a potion of curing for 42 gold pieces
  6532 | D:1      | Bought a potion of heal wounds for 70 gold pieces
  6532 | D:1      | Bought a potion of might for 56 gold pieces
  6532 | D:1      | Bought a potion of invisibility for 112 gold pieces
  6868 | D:9      | Found an iron altar of Okawaru.
  6880 | D:9      | Identified the +9 falchion of Classification {freeze,
                  | Str+2}
  6889 | D:9      | Reached XP level 10. HP: 82/90 MP: 11/11
  6987 | D:9      | Reached ***** piety under Elyvilon
  7589 | D:9      | Lost mutation: Your body sometimes deteriorates upon taking
                  | damage. [potion of mutation]
  7589 | D:9      | Lost mutation: You have an increased reservoir of magic.
                  | (+10% MP) [potion of mutation]
  7589 | D:9      | Gained mutation: Your mind is acute. (Int +4, Str/Dex -1)
                  | [potion of mutation]
  7589 | D:9      | Gained mutation: You expend magic power (3 MP) to
                  | strengthen your wands. [potion of mutation]
  7589 | D:9      | Gained mutation: Your flesh is cold resistant. (rC+)
                  | [potion of mutation]
  7619 | D:10     | Entered Level 10 of the Dungeon
  7742 | D:10     | Reached skill level 10 in Fighting
  7920 | D:10     | Found a shimmering altar of Xom.
  7935 | D:10     | Noticed a two-headed ogre
  7945 | D:10     | Killed a two-headed ogre
  8034 | D:10     | Noticed a two-headed ogre
  8042 | D:10     | Killed a two-headed ogre
  8043 | D:10     | Reached XP level 11. HP: 61/102 MP: 11/11
  8233 | D:10     | Noticed a two-headed ogre
  8243 | D:10     | Killed a two-headed ogre
  8244 | D:10     | Reached skill level 10 in Shields
  8308 | D:10     | Reached skill level 1 in Invocations
  8369 | D:10     | Noticed a two-headed ogre
  8369 | D:10     | Noticed a centaur warrior
  8374 | D:10     | Noticed an ogre mage
  8374 | D:10     | Noticed a five-headed hydra
  8412 | D:10     | Killed a centaur warrior
  8413 | D:10     | Reached skill level 5 in Invocations
  8506 | D:11     | Identified a scroll of acquirement
  8508 | D:11     | Acquired the amulet of Xom's Attic {Acrobat rF+}
  8570 | D:9      | Killed a one-headed hydra
  8622 | D:11     | Killed a two-headed ogre
  8628 | D:10     | HP: 1/102 [troll (8)]
  8773 | D:11     | Noticed a two-headed ogre
  8774 | D:11     | Found Ippootit's Weapon Emporium.
  8797 | D:11     | Killed a two-headed ogre
  8798 | D:11     | Reached skill level 10 in Armour
  8800 | D:11     | Found a staircase to the Orcish Mines.
  8803 | D:11     | Found Loughen's Armour Emporium.
  9162 | D:11     | Found a staircase to the Lair.
  9278 | Lair:1   | Entered Level 1 of the Lair of Beasts
  9305 | D:11     | Reached XP level 12. HP: 76/110 MP: 18/18
  9646 | Lair:1   | Reached skill level 1 in Dodging
  9677 | Lair:1   | Identified the +3 ring mail of Voracious Creativity
                  | {Rampage}
 10021 | Lair:2   | Reached skill level 1 in Evocations
 10358 | Lair:2   | Found a staircase to the Snake Pit.
 10375 | Snake:1  | Entered Level 1 of the Snake Pit
 10375 | Snake:1  | Noticed a naga warrior
 10422 | Lair:2   | Reached XP level 13. HP: 95/122 MP: 19/19
 10948 | Orc:1    | Entered Level 1 of the Orcish Mines
 10948 | Orc:1    | Noticed Urug
 10987 | Orc:1    | Killed Urug
 10988 | Orc:1    | Reached skill level 15 in Axes
 11255 | Orc:2    | Entered Level 2 of the Orcish Mines
 11255 | Orc:2    | Found a staircase to the Elven Halls.
 11308 | Orc:2    | Found a roughly hewn altar of Beogh.
 11333 | Orc:2    | Found a roughly hewn altar of Beogh.
 11375 | Orc:2    | Found a roughly hewn altar of Beogh.
 11459 | Orc:2    | Found a roughly hewn altar of Beogh.
 11490 | Orc:2    | Found a roughly hewn altar of Beogh.
 11505 | Orc:2    | Paralysed by an orc sorcerer for 4 turns
 11513 | Orc:2    | Found Joatuss's General Store.
 11620 | Orc:2    | Found a roughly hewn altar of Beogh.
 11630 | Orc:2    | Reached ****** piety under Elyvilon
 11870 | Orc:2    | Gained mutation: You have hidden genetic defects. [a
                  | neqoxec]
 12013 | Orc:2    | Noticed Saint Roka
 12105 | Orc:2    | HP: 4/122 [Saint Roka/+3 great mace (43)]
 12114 | Orc:2    | Killed Saint Roka
 12149 | Orc:2    | Found Sydoim's Antique Weapon Shop.
 12150 | Orc:2    | Found a roughly hewn altar of Beogh.
 12154 | Orc:2    | Found Ockecykh's Antique Armour Boutique.
 12394 | Orc:2    | Found Upirad's Assorted Antiques.
 12405 | Orc:2    | Gained mutation: You occasionally lose the ability to read
                  | scrolls when taking damage. [hidden defects]
 12659 | WizLab   | Identified the "Teelefiff"
 12659 | Crypt:3  | Identified the of Gadoe
 12659 | Elf:1    | Entered Level 1 of the Elven Halls
 13207 | D:12     | Found a bloodstained altar of Trog.
 13208 | D:12     | Noticed Kave's ghost (journeyman TrSh)
 13291 | D:12     | Gained mutation: You are vulnerable to heat. (rF-) [hidden
                  | defects]
 13291 | D:12     | Lost mutation: You have hidden genetic defects. [hidden
                  | defects expressed]
 13413 | D:12     | Reached XP level 14. HP: 57/132 MP: 20/20
 13584 | D:11     | Bought the +15 Maxwell's patent armour {-Cast -Tele rElec
                  | Will+ rCorr} for 1170 gold pieces
 13584 | D:11     | Found the +15 Maxwell's patent armour {-Cast -Tele rElec
                  | Will+ rCorr}
 13641 | D:12     | Found a transporter.
 13646 | D:12     | Found a transporter.
 13652 | D:12     | Found the +0 mask of the Dragon {Will+ Slay+3 SInv}
 13723 | D:12     | Acquired the +2 kite shield of Slovenliness {rElec rF+
                  | Int-5 SInv}
 14156 | Temple   | Fell from the grace of Elyvilon
 14156 | Temple   | Became a worshipper of the Shining One
 14156 | Temple   | Reached * piety under the Shining One
 14156 | Temple   | Reached ** piety under the Shining One
 14291 | D:3      | Killed Ubbricas's ghost
 14590 | D:10     | Lost mutation: You occasionally lose the ability to read
                  | scrolls when taking damage. [potion of mutation]
 14590 | D:10     | Lost mutation: You expend magic power (3 MP) to strengthen
                  | your wands. [potion of mutation]
 14590 | D:10     | Lost mutation: Your mind is acute. (Int +4, Str/Dex -1)
                  | [potion of mutation]
 14590 | D:10     | Gained mutation: You have hidden genetic defects. [potion
                  | of mutation]
 14591 | D:10     | Lost mutation: You have hidden genetic defects. [potion of
                  | mutation]
 14591 | D:10     | Lost mutation: You are vulnerable to heat. (rF-) [potion of
                  | mutation]
 14591 | D:10     | Gained mutation: You passively dampen the noise of your
                  | surroundings. [potion of mutation]
 14591 | D:10     | Gained mutation: Your mind is acute. (Int +4, Str/Dex -1)
                  | [potion of mutation]
 14591 | D:10     | Gained mutation: Your mind is very acute. (Int +8, Str/Dex
                  | -2) [potion of mutation]
 14987 | D:12     | Killed Kave's ghost
 15095 | D:13     | Reached *** piety under the Shining One
 15377 | D:13     | Noticed Rupert
 15611 | D:11     | Bought a +1 pair of boots of flying for 181 gold pieces
 16365 | Lair:3   | Found a staircase to the Swamp.
 16365 | Lair:3   | Noticed an eleionoma
 16375 | Lair:3   | Killed an eleionoma
 16403 | Swamp:1  | Entered Level 1 of the Swamp
 16403 | Swamp:1  | Noticed Kirke
 16450 | Lair:3   | Killed Kirke
 17052 | Lair:5   | Entered Level 5 of the Lair of Beasts
 17065 | Lair:5   | Reached skill level 15 in Fighting
 17068 | Lair:5   | Noticed Snorg
 17092 | Lair:5   | Killed Snorg
 17209 | Lair:5   | Reached XP level 15. HP: 129/141 MP: 21/21
 17327 | Lair:5   | Reached **** piety under the Shining One
 17430 | Lair:5   | Found a staircase to the Slime Pits.
 17430 | Lair:5   | Found a viscous altar of Jiyva.
 18059 | Slime:1  | Entered Level 1 of the Pits of Slime
 18084 | Slime:1  | Noticed an acid blob
 18600 | Snake:1  | Identified the +2 kite shield "Qecit" {+Inv rElec Str-3}
 18600 | Snake:1  | Noticed Asterion
 18634 | Snake:2  | Noticed a nagaraja
 18788 | Swamp:1  | Reached skill level 10 in Invocations
 18844 | Swamp:1  | Reached ***** piety under the Shining One
 19483 | Swamp:2  | Reached XP level 16. HP: 152/152 MP: 23/23
 19874 | Swamp:3  | Noticed a tentacled monstrosity
 19905 | Swamp:3  | Killed a tentacled monstrosity
 19950 | Swamp:3  | Noticed a thorn hunter
 19969 | Swamp:3  | Killed a thorn hunter
 19983 | Swamp:3  | Reached skill level 15 in Shields
 20280 | Swamp:3  | Noticed a thorn hunter
 20298 | Swamp:3  | Killed a thorn hunter
 20398 | Swamp:4  | Entered Level 4 of the Swamp
 20595 | Swamp:4  | Noticed a tentacled monstrosity
 20618 | Swamp:4  | Killed a tentacled monstrosity
 20619 | Swamp:4  | Reached skill level 15 in Armour
 20712 | Swamp:4  | Noticed a thorn hunter
 20948 | Swamp:4  | Killed a thorn hunter
 21010 | Swamp:4  | Got a decaying rune of Zot
 21691 | Elf:1    | Reached XP level 17. HP: 162/162 MP: 24/24
 21838 | Elf:1    | Paralysed by an air elemental for 1 turns
 22244 | Elf:2    | Found a runed translucent gate.
 22244 | Elf:2    | Found a runed translucent gate.
 22245 | Elf:2    | Found a runed translucent gate.
 22245 | Elf:2    | Noticed Norris
 22245 | Elf:2    | Reached ****** piety under the Shining One
 22263 | Elf:2    | Killed Norris
 22840 | Elf:2    | Paralysed by an air elemental for 1 turns
 22926 | Elf:2    | Reached skill level 5 in Dodging
 22970 | Elf:2    | Paralysed by an air elemental for 1 turns
 23238 | Elf:3    | Entered Level 3 of the Elven Halls
 23242 | Elf:3    | Reached XP level 18. HP: 172/172 MP: 26/26
 23280 | Elf:3    | Paralysed by an air elemental for 1 turns
 23283 | Elf:3    | Paralysed by an air elemental for 1 turns
 23318 | Elf:3    | Noticed a Hell Sentinel
 23327 | Elf:3    | Noticed a Tzitzimitl
 23596 | Elf:3    | Identified the +2 pair of gloves "Hudyum" {rF+}
 23657 | Elf:3    | Identified the +3 ring mail of Umpito {-Cast Fly Slay+4
                  | SInv}
 23667 | Elf:3    | Noticed a Hell Sentinel
 23668 | Elf:3    | Was placed under penance by the Shining One
 23668 | Elf:3    | Noticed a deep elf blademaster
 23668 | Elf:3    | Identified the staff of Aschaug {rElec rF+ Dex+2 Air}
 23728 | Elf:3    | Killed a deep elf blademaster
 23749 | Elf:3    | Killed a ghostly deep elf blademaster
 23854 | Elf:3    | Paralysed by an air elemental for 1 turns
 23856 | Elf:3    | Paralysed by an air elemental for 1 turns
 23904 | Elf:3    | Was forgiven by the Shining One
 23978 | Elf:3    | Noticed a deep elf master archer
 23998 | Elf:3    | Killed a deep elf master archer
 24051 | Elf:3    | Found the ring of the Octopus King {rN+ HP+2 AC+2 EV+2
                  | SH+2}
 24051 | Elf:3    | Noticed a deep elf master archer
 24064 | Elf:3    | Killed a deep elf master archer
 24067 | Elf:3    | Identified the +1 hand axe "Dokek" {freeze, MP+9}
 24109 | Abyss:3  | Found a corrupted altar of Lugonu.
 24109 | Abyss:3  | Cast into level 3 of the Abyss (deep elf death mage)
 24203 | Abyss:3  | Noticed a bone dragon
 24217 | Abyss:3  | Killed a bone dragon
 24539 | Abyss:3  | Noticed a lich
 24543 | Abyss:3  | Killed a lich
 24904 | Abyss:3  | Noticed a bone dragon
 24919 | Abyss:3  | Killed a bone dragon
 24920 | Abyss:3  | Reached XP level 19. HP: 181/182 MP: 4/29
 25022 | Abyss:3  | Reached skill level 15 in Invocations
 25109 | Abyss:3  | Gained mutation: You are clumsy. (Dex -2) [a neqoxec]
 25113 | Abyss:3  | Lost mutation: Your mind is very acute. (Int +8, Str/Dex
                  | -2) [a neqoxec]
 25192 | Abyss:3  | Paralysed by accursed screaming for 1 turns
 25441 | Abyss:3  | Noticed a bone dragon
 25456 | Abyss:3  | Killed a bone dragon
 25896 | Abyss:3  | Noticed a bone dragon
 26026 | Abyss:3  | Got an abyssal rune of Zot
 26028 | Abyss:3  | Noticed a profane servitor
 26039 | Abyss:3  | Killed a profane servitor
 26040 | Abyss:3  | Reached XP level 20. HP: 83/191 MP: 10/34
 26225 | Abyss:3  | Noticed a hellephant
 26230 | Abyss:3  | Killed a hellephant
 26451 | Abyss:3  | Noticed an ancient lich
 26456 | Abyss:3  | Killed an ancient lich
 26707 | Abyss:3  | Upgraded the game from 0.31-a0-1002-g8e65716 to
                  | 0.31-a0-1005-gfbdfbac
 26779 | Abyss:3  | Noticed a bone dragon
 26786 | Abyss:3  | Killed a bone dragon
 27060 | Abyss:3  | Lost mutation: Your mind is acute. (Int +4, Str/Dex -1) [a
                  | neqoxec]
 27061 | Abyss:3  | Gained mutation: You occasionally lose the ability to read
                  | scrolls when taking damage. [a neqoxec]
 27077 | Abyss:3  | Paralysed by accursed screaming for 1 turns
 27084 | Abyss:3  | Noticed a bone dragon
 27093 | Abyss:3  | Paralysed by accursed screaming for 1 turns
 27104 | Abyss:3  | Killed a bone dragon
 27206 | Abyss:3  | Gained mutation: You have a pair of small horns on your
                  | head. [a neqoxec]
 27251 | Abyss:3  | Paralysed by accursed screaming for 1 turns
 27336 | Abyss:3  | Lost intelligence.
 27444 | Abyss:3  | Noticed a profane servitor
 27453 | Abyss:4  | Found a corrupted altar of Lugonu.
 27475 | Abyss:4  | Reached XP level 21. HP: 40/160 MP: 30/32
 27797 | Abyss:4  | Lost intelligence.
 27839 | Abyss:4  | Gained mutation: You sometimes lose the ability to drink
                  | potions when taking damage. [a shining eye]
 27918 | Elf:3    | Escaped the Abyss
 28237 | Elf:3    | Identified the +0 pair of boots "Pyanora" {rElec Str+3}
 28266 | Elf:3    | Identified the +1 war axe "Ducat" {speed, rPois}
 28269 | Elf:3    | Identified the +0 scale mail of Purpose {Dex+8}
 28321 | Elf:3    | Identified the blade talisman of the Valley of Death
                  | {Int+2}
 28646 | Orc:2    | Bought a sack of spiders for 1000 gold pieces
 28646 | Orc:2    | Bought a potion of curing for 75 gold pieces
 28844 | D:13     | Killed Rupert
 28923 | D:13     | Found a portal to a secret trove of treasure.
 29027 | D:13     | Found a gate to the Vaults.
 29038 | Vaults:1 | Entered Level 1 of the Vaults
 29177 | Vaults:1 | Paralysed by a formless jellyfish for 1 turns
 29271 | Vaults:1 | Identified the amulet "Hasiesyi" {-Tele rPois rF+++ Regen+
                  | rCorr}
 30451 | Vaults:2 | Reached XP level 22. HP: 190/209 MP: 37/37
 30495 | Vaults:2 | Found Nidynouf's Antique Armour Shop.
 30505 | Vaults:2 | Noticed Zenata
 30525 | Vaults:2 | Killed Zenata
 30580 | Vaults:2 | Found Ebopt's Distillery.
 30775 | Vaults:2 | Noticed Margery
 30789 | Vaults:2 | Killed Margery
 30944 | Vaults:2 | Found Caif's Weapon Emporium.
 31072 | Vaults:2 | Bought a pair of embroidered gloves for 322 gold pieces
 31137 | Vaults:2 | Found Woshicil's Weapon Shoppe.
 31376 | Vaults:2 | Found Ceizefu's Magic Scroll Emporium.
 31856 | Vaults:3 | Found Cuzodu's Book Shop.
 31868 | Vaults:3 | Found Tyashruag's Armour Boutique.
 32177 | Vaults:3 | Found a staircase to the Crypt.
 32177 | Vaults:3 | Found a basalt altar of Yredelemnul.
 32178 | Vaults:3 | Found an ancient bone altar of Kikubaaqudgha.
 32344 | Vaults:3 | Found Hinaumeq's Assorted Antiques.
 32565 | Vaults:3 | Identified the staff "Tefofon" {rPois Will+ Str+3 Dex-5
                  | Poison}
 32573 | Vaults:3 | Found Zyrue's Antique Weapon Boutique.
 32992 | Vaults:4 | Found a crumbling gateway.
 32998 | Desolati | Entered the Desolation of Salt
 33086 | Desolati | Reached XP level 23. HP: 223/223 MP: 38/38
 33244 | Desolati | Identified the +2 shortbow "Tiot Otter" {freeze, rPois rN+
                  | Stlth-}
 33251 | Desolati | Identified the +7 plate armour "Huuppeyrgh" {rF++ Dex-2
                  | Stlth+}
 33322 | Desolati | Identified the ring "Ditowa" {rN+ Str+5}
 33441 | Desolati | Identified the staff of Maty {rF++ rC+ Ice}
 33448 | Desolati | Identified the ring of Juarri Dunes {rC+ Dex+3 Stlth+}
 33463 | Desolati | Identified the amulet "Bong" {Reflect rPois Str-3 Int+5
                  | Dex+3 SH+5}
 33467 | Desolati | Identified the +1 pair of gloves of the Nexus {rCorr}
 33468 | Desolati | Identified the +4 morningstar of Death's Door {holy,
                  | Fragile +Blink rC+}
 34438 | Vaults:4 | Found Tizui's Weapon Shop.
 34814 | Crypt:1  | Entered Level 1 of the Crypt
 35079 | Crypt:1  | Found a magical portal.
 35087 | WizLab   | Entered Cigotuvi's Fleshworks
 35346 | WizLab   | Gained mutation: You are frail. (-10% HP) [mutagenic glow]
 35479 | WizLab   | Found the -2 hat of the Alchemist {rElec rPois rF+ rC+ rN+
                  | Will+ rMut rCorr}
 35772 | Crypt:1  | Lost mutation: You passively dampen the noise of your
                  | surroundings. [potion of mutation]
 35772 | Crypt:1  | Lost mutation: You occasionally lose the ability to drink
                  | potions when taking damage. [potion of mutation]
 35772 | Crypt:1  | Lost mutation: You have a pair of small horns on your head.
                  | [potion of mutation]
 35774 | Crypt:1  | Lost mutation: Your flesh is cold resistant. (rC+) [potion
                  | of mutation]
 35774 | Crypt:1  | Lost mutation: You are clumsy. (Dex -2) [potion of
                  | mutation]
 35774 | Crypt:1  | Lost mutation: You occasionally lose the ability to read
                  | scrolls when taking damage. [potion of mutation]
 35774 | Crypt:1  | Gained mutation: You possess an exceptional clarity of
                  | mind. [potion of mutation]
 35774 | Crypt:1  | Gained mutation: You have sharp toenails. [potion of
                  | mutation]
 35775 | Crypt:1  | Lost mutation: You possess an exceptional clarity of mind.
                  | [potion of mutation]
 35775 | Crypt:1  | Lost mutation: You are frail. (-10% HP) [potion of
                  | mutation]
 35775 | Crypt:1  | Gained mutation: You are frail. (-10% HP) [potion of
                  | mutation]
 35776 | Crypt:1  | Lost mutation: You have sharp toenails. [potion of
                  | mutation]
 35776 | Crypt:1  | Lost mutation: You are frail. (-10% HP) [potion of
                  | mutation]
 35776 | Crypt:1  | Gained mutation: A frigid envelope surrounds you and
                  | freezes all who hurt you. [potion of mutation]
 35776 | Crypt:1  | Gained mutation: You have large cloven feet. [potion of
                  | mutation]
 35776 | Crypt:1  | Gained mutation: Armour fits poorly on your strangely
                  | shaped body. [potion of mutation]
 35878 | Crypt:1  | Lost mutation: A frigid envelope surrounds you and freezes
                  | all who hurt you. [potion of mutation]
 35878 | Crypt:1  | Lost mutation: You have large cloven feet. [potion of
                  | mutation]
 35878 | Crypt:1  | Gained mutation: You expend magic power (3 MP) to
                  | strengthen your wands. [potion of mutation]
 35878 | Crypt:1  | Gained mutation: You are clumsy. (Dex -2) [potion of
                  | mutation]
 35878 | Crypt:1  | Gained mutation: You have a pair of small horns on your
                  | head. [potion of mutation]
 35878 | Crypt:1  | Gained mutation: You are robust. (+10% HP) [potion of
                  | mutation]
 35879 | Crypt:1  | Lost mutation: You are clumsy. (Dex -2) [potion of
                  | mutation]
 35879 | Crypt:1  | Lost mutation: You are robust. (+10% HP) [potion of
                  | mutation]
 35879 | Crypt:1  | Lost mutation: You have a pair of small horns on your head.
                  | [potion of mutation]
 35879 | Crypt:1  | Gained mutation: You have large cloven feet. [potion of
                  | mutation]
 35879 | Crypt:1  | Gained mutation: Your magical capacity is low. (-10% MP)
                  | [potion of mutation]
 35879 | Crypt:1  | Gained mutation: You have supernaturally acute eyesight.
                  | (SInv) [potion of mutation]
 35880 | Crypt:1  | Lost mutation: Armour fits poorly on your strangely shaped
                  | body. [potion of mutation]
 35880 | Crypt:1  | Lost mutation: Your magical capacity is low. (-10% MP)
                  | [potion of mutation]
 35880 | Crypt:1  | Gained mutation: Your magical capacity is low. (-10% MP)
                  | [potion of mutation]
 36028 | Crypt:1  | You fall into a shaft and drop 1 floor!
 36132 | Crypt:2  | Reached XP level 24. HP: 231/231 MP: 35/35
 37120 | Crypt:3  | Entered Level 3 of the Crypt
 37564 | Crypt:3  | Noticed Xtahua
 37581 | Crypt:3  | Killed Xtahua
 37637 | Crypt:3  | Found a staircase to the Tomb.
 37749 | Crypt:3  | Found an ancient bone altar of Kikubaaqudgha.
 38164 | Crypt:3  | Found the +27 heavy crossbow "Sniper" {heavy, Acc+∞ SInv}
 38357 | Crypt:3  | Noticed an ancient lich
 38365 | Crypt:3  | Killed an ancient lich
 38376 | Crypt:3  | Identified the ring of Lori {rN+ rCorr}
 38376 | Crypt:3  | Identified the ring of Secrets {rPois rF+ rN+ Dex-3}
 38377 | Crypt:3  | Identified the +8 hand axe "Yroirph" {heavy, Int+5}
 38380 | Crypt:3  | Identified the +8 long sword "Woaffut" {flame, rCorr}
 38807 | Vaults:5 | Entered Level 5 of the Vaults
 38966 | Vaults:5 | Reached skill level 27 in Invocations
 38974 | Vaults:5 | Reached XP level 25. HP: 206/243 MP: 19/36
 39080 | Vaults:5 | Noticed Frederick
 39099 | Vaults:4 | Killed Frederick
 39575 | Vaults:5 | Reached skill level 5 in Evocations
 39636 | Vaults:5 | Noticed an ancient lich
 39641 | Vaults:5 | Killed an ancient lich
 39646 | Vaults:5 | Identified the ring of Ahasio Xuos {Fire rElec rPois rN+
                  | Dex-5}
 39953 | Vaults:5 | Identified the ring of the Lachrymose God {Drain rC+ rN+
                  | Int+6}
 39958 | Vaults:5 | Identified the +8 lajatang of Incongruity {holy, Str+3
                  | Dex+3}
 40101 | Vaults:5 | Found the ring of the Hare {EV+10}
 40250 | Vaults:5 | Got a silver rune of Zot
 40252 | Vaults:5 | Identified the +2 pair of boots of Baihead {rF+ rCorr
                  | Str+4}
 40783 | Vaults:2 | Bought a scroll of enchant armour for 112 gold pieces
 40908 | Vaults:2 | Bought a potion of curing for 63 gold pieces
 40908 | Vaults:2 | Bought a potion of might for 84 gold pieces
 40908 | Vaults:2 | Bought a potion of heal wounds for 105 gold pieces
 40908 | Vaults:2 | Bought a potion of might for 84 gold pieces
 40908 | Vaults:2 | Bought 2 potions of berserk rage for 210 gold pieces
 41253 | Snake:1  | Killed Asterion
 41741 | Snake:2  | Identified the amulet "Suarob Oqoon" {Faith rN+}
 41743 | Snake:2  | Noticed Azrael
 41756 | Snake:2  | Killed Azrael
 41858 | Snake:2  | Found a transporter.
 41858 | Snake:2  | Noticed Qootor's ghost (journeyman DECj)
 41868 | Snake:2  | Found a transporter.
 41990 | Snake:2  | Found Bopusegu's Book Shoppe.
 41990 | Snake:2  | Found Zaemoex's Jewellery Shop.
 41991 | Snake:2  | Found Joluhyni's Book Shoppe.
 42289 | Snake:3  | Reached skill level 27 in Axes
 42295 | Snake:3  | Reached XP level 26. HP: 246/254 MP: 36/36
 42449 | Snake:3  | Found Ykhluxahar's Assorted Antiques.
 42465 | Snake:3  | Bought a potion of curing for 96 gold pieces
 42465 | Snake:3  | Bought 2 potions of curing for 192 gold pieces
 42465 | Snake:3  | Bought a scroll of fear for 128 gold pieces
 42465 | Snake:3  | Bought a potion of might for 128 gold pieces
 42465 | Snake:3  | Bought a scroll of immolation for 128 gold pieces
 43027 | Snake:4  | Entered Level 4 of the Snake Pit
 43183 | Snake:4  | Found a hide-covered altar of Uskayaw.
 43728 | Snake:4  | Got a serpentine rune of Zot
 44645 | Slime:1  | Paralysed by a formless jellyfish for 1 turns
 45133 | Slime:3  | Gained mutation: Your body sometimes deteriorates upon
                  | taking damage. [a shining eye]
 45136 | Slime:3  | Gained mutation: Your spells are a little easier to cast,
                  | but a little less powerful. [a shining eye]
 45551 | Slime:4  | Found a viscous altar of Jiyva.
 45602 | Slime:5  | Entered Level 5 of the Pits of Slime
 45631 | Slime:5  | Noticed the Royal Jelly
 45849 | Slime:5  | Gained mutation: Your body often deteriorates upon taking
                  | damage. [a shining eye]
 45850 | Slime:5  | Gained mutation: You are frail. (-10% HP) [a shining eye]
 46054 | Slime:5  | Killed the Royal Jelly
 46059 | Slime:4  | Demolished by an azure jelly

Illustrated notes

Levels and vault maps discovered:
D:1:      tarquinn_simple_flora_water_f, layout_basic, serial_shops, shop,
          nicolae_ecumenical_snake_handling
D:2:      layout_loops_corners, uniq_jessica
D:3:      layout_loops_cross, general_overflow_altar,
          hellmonk_ghost_happy_afterlife, portal_sewer_entry_a
D:4:      layout_basic, trog_three_pillars_becter,
          nicolae_qazlal_general_emergency, ashenzari_conservatory_becter,
          minmay_temple_entry_grid, uniq_blork_the_orc
D:5:      layout_loops_ring, overflow_temple_1_default,
          nicolae_sif_muna_little_library
D:6:      layout_basic, nicolae_vehumet_radiance
D:7:      layout_loops_ring, mainiacjoe_overflow_brackets, uniq_pikel
D:8:      layout_gridville
D:9:      layout_gridville, okawaru_ov_weapons_minmay
D:10:     minmay_chambers_of_sevens, layout_irregular_city,
          mainiacjoe_overflow_24_doors, small_statue_alley_a,
          kennysheep_cluttered_room, corner_web_ring
D:11:     layout_gridville, lair_entry_dummy, orc_david_3
D:12:     layout_stronghold, gammafunk_ghost_wrathful_warriors,
          nicolae_zig_zag_zippers
D:13:     layout_rooms, david_vaults_1, nicolae_trove_entry_diagonal,
          uniq_rupert
Temple:   minmay_temple_forest_path
Lair:1:   layout_cave_shapes, minmay_stone_trees_small, grunt_megastairs_5
Lair:2:   statuecave_lemuel, layout_cave_pods, minmay_snake_entry_six_corridors
Lair:3:   layout_roguey, alex1729_swamp_entry_worm_eleionoma
Lair:4:   layout_misc_corridors
Lair:5:   minmay_lair_end_enchanted_forest, layout_gridlike,
          nicolae_slime_entry_slimehenge, worms_lemuel, serial_bayou_shore_a,
          uniq_snorg
Swamp:1:  layout_basic_swamp, infiniplex_staircase_pool, uniq_kirke
Swamp:2:  layout_falls_marsh, hangedman_swamp_ruin_wall, swamp_pool_1_2,
          hangedman_swamp_phenomena
Swamp:3:  nicolae_swamp_ascending_descending, layout_basic_swamp,
          serial_swamp_ruin, evilmike_swamp_ruin_house_1,
          evilmike_swamp_ruin_house_3, evilmike_swamp_ruin_rubble_2
Swamp:4:  swamp_alternative, layout_basic_swamp, nicolae_swamp_long_stream
Snake:1:  nicolae_snake_nest, layout_basic, serial_bayou_lagoon_a,
          lemuel_fruit_tree, uniq_asterion
Snake:2:  layout_misc_corridors, gammafunk_ghost_berserking_beasts,
          grunt_ministairs_7, st_stairs_12, minmay_shop_grove, uniq_azrael
Snake:3:  layout_basic, serial_shops, shop
Snake:4:  johnstein_snake_rune_scales, layout_layer_cave, basic_altar,
          nicolae_triple_integral
Slime:1:  layout_caves, basic_altar
Slime:2:  layout_caves
Slime:3:  layout_caves, nicolae_slime_phagocytosis
Slime:4:  layout_caves, basic_altar
Slime:5:  slime_pit_nicolae_amoeboid
Orc:1:    layout_diamond_mine, mines5_lemuel, uniq_urug
Orc:2:    grunt_orc_community_town_hall, layout_caves,
          grunt_orc_community_big_house_2, grunt_orc_community_big_house_2,
          grunt_orc_community_house_1, grunt_orc_community_house_2,
          grunt_orc_community_house_3, grunt_orc_community_house_2,
          grunt_orc_community_house_3
Elf:1:    layout_loops_corners, kennysheep_underground_church
Elf:2:    elven_hall_of_blades_hangedman_original
          [infiniplex_blade_entry_pillars], layout_geoelf_grid, st_stairs_9,
          uniq_norris
Elf:3:    minmay_elf_hall_quartered_circle, layout_geoelf_octagon, st_stairs_12
Vaults:1: nicolae_vaults_ring_of_whatevers, nicolae_vaults_trapezoid_4,
          nicolae_vaults_swerve, grunt_vaults_diagonal,
          nicolae_vaults_triangles, nicolae_vaults_little_squares_2,
          nicolae_vaults_sesquioval_fish, layout_vaults_omnigrid
Vaults:2: nicolae_vaults_what_the_h, vaults_room_pools,
          hangedman_vaults_stretched_pinwheel, nicolae_vaults_shrinking_rooms_2,
          nicolae_vaults_sesquioval_fish, nicolae_vaults_closet_pinwheel_1,
          nicolae_vaults_layer_cake_slice, vaults_mumra_minichess_inversion,
          vaults_dpeg_ring, special_room_vaults [special_room_orc],
          nicolae_vaults_little_squares_4, ontoclasm_vaults_pinch,
          nicolae_vaults_tetromino_L_1, layout_vaults_chaotic_city,
          serial_shops, shop, nicolae_shop_waterfront, shop, shop,
          nicolae_shop_bloodbath_and_beyond, uniq_margery, uniq_zenata
Vaults:3: grunt_vaults_swirl, minmay_crypt_entry_necro_gods, v_rooms_5,
          vaults_dpeg_emergency_exit, nicolae_vaults_whirlpool_walls, v_misc_13,
          ontoclasm_vaults_ring_small, v_misc_2, v_misc_14,
          vaults_mumra_chevron_long, layout_vaults_ring, serial_shops,
          nicolae_shop_pleasant_corner_grove, shop, shop, nicolae_diamond_shop
Vaults:4: portal_desolation_entry_nicolae_forbidding_blocks,
          nicolae_vaults_little_squares_4, v_misc_26,
          nicolae_vaults_double_plus_2, v_rooms_3, vaults_mumra_lcd,
          nicolae_vaults_network_square, ontoclasm_vaults_decontamination,
          nicolae_vaults_storage_closets_3, grunt_vaults_hallway_long,
          vaults_room_boxed, nicolae_vaults_taking_the_gang_shopping,
          vaults_room_fancy_cross, nicolae_vaults_little_squares_2,
          vaults_room_pool, nicolae_vaults_double_plus_1,
          layout_vaults_maze_snakey
Vaults:5: serial_shops, uniq_frederick
Crypt:1:  layout_regular_city, mu_enter_wizlab_6,
          grunt_crypt_arrival_guarded_gate
Crypt:2:  layout_chaotic_city, chequers_hall_statues_wall_a, lemuel_elevator
Crypt:3:  evilmike_haunted_forest, uniq_xtahua

Skill      XL: |  1  2  3  4  5  6  7  8  9 10 11 12 13 14 15 16 17 18 19 20 21 22 23 24 25 26 |
---------------+-------------------------------------------------------------------------------+-----
Axes           | 3 5 10 12 13 14 16 18 19 20 22 24 25 26 27 | 27.0
Fighting       | 4 5 6 7 8 11 13 14 15 16 17 18 19 20 22 23 24 25 | 25.8
Shields        | 4 5 6 7 9 10 11 12 13 14 15 17 18 20 21 22 | 22.0
Armour         | 4 5 6 7 9 10 11 12 13 14 16 17 18 20 21 22 | 22.0
Invocations    | 8 9 10 11 14 20 22 23 24 27 | 27.0
Dodging        | 3 4 6 7 8 |  8.0
Evocations     | 2 3 4 5 |  5.0

Action                     |  1- 3 |  4- 6 |  7- 9 | 10-12 | 13-15 | 16-18 | 19-21 | 22-24 | 25-27 || total
---------------------------+-------+-------+-------+-------+-------+-------+-------+-------+-------++-------
  Melee: War axe           |    82 |   193 |       |       |       |       |       |       |       ||   275
         Hand axe          |       |    15 |   237 |   485 |  1269 |  1141 |  1242 |  1447 |   771 ||  6607
         Unarmed           |       |       |       |       |     7 |       |       |       |       ||     7
         Trident           |       |       |       |       |    11 |       |       |       |       ||    11
         Falchion          |       |       |       |       |     8 |       |       |       |       ||     8
         Battleaxe         |       |       |       |       |       |    26 |       |       |       ||    26
         Headbutt          |       |       |       |       |       |       |   195 |   415 |       ||   610
   Fire: Heavy crossbow    |       |       |       |       |       |       |       |       |    11 ||    11
  Throw: Dart              |       |       |     1 |       |       |       |       |       |       ||     1
         Boomerang         |       |       |       |     7 |    15 |    13 |     8 |       |       ||    43
 Invoke: Heal Self         |       |       |       |    13 |    11 |       |       |       |       ||    24
         Cleansing Flame   |       |       |       |       |     2 |    32 |   105 |    89 |    41 ||   269
         Divine Shield     |       |       |       |       |     1 |     5 |     6 |     3 |     9 ||    24
         Summon Divine War |       |       |       |       |       |       |     2 |       |     1 ||     3
  Evoke: Wand              |       |       |       |     2 |       |       |     3 |     2 |     1 ||     8
    Use: Scroll            |       |     4 |     1 |     9 |     4 |     5 |       |     1 |     1 ||    25
         Potion            |       |       |     9 |     2 |     3 |       |     6 |     7 |       ||    27
 Armour: Scale mail        |    53 |   127 |    49 |       |       |       |       |       |       ||   229
         Plate armour      |       |       |    74 |   347 |   666 |   894 |   817 |   759 |   712 ||  4269
         Chain mail        |       |       |    15 |       |       |       |       |       |       ||    15
         Skin              |       |       |       |       |    13 |       |       |       |       ||    13
  Dodge: Dodged            |    30 |    61 |    53 |   137 |   242 |   221 |   306 |   330 |   316 ||  1696
  Block: Buckler           |    14 |       |       |       |       |       |       |       |       ||    14
         Kite shield       |       |   105 |   168 |   258 |   592 |   587 |   850 |   797 |   924 ||  4281
         Reflection        |       |       |     5 |    12 |       |       |       |       |       ||    17

Table legend: (Time is in decaauts)
 A = Elapsed time spent in this place.
 B = Non-inter-level travel time spent in this place.
 C = Inter-level travel time spent in this place.
 D = Time resting spent in this place.
 E = Time spent auto-exploring this place.
 F = Levels seen in this place.
 G = Mean time per level.
                   A        B        C        D        E       F      G
               +--------+--------+--------+--------+--------+-----+--------+
         Total |  44489 |  29782 |  14707 |   1994 |  13760 |  50 |  889.8 |
       Dungeon |  11740 |   7077 |   4663 |      0 |   4622 |  13 |  903.1 |
        Temple |    208 |      8 |    200 |      0 |      0 |   1 |  208.0 |
          Lair |   4614 |   3104 |   1510 |      0 |   1993 |   5 |  922.8 |
         Swamp |   2243 |   1167 |   1076 |      0 |    421 |   4 |  560.8 |
     Snake Pit |   3519 |   2431 |   1088 |      0 |   1449 |   4 |  879.8 |
    Slime Pits |   1610 |   1025 |    585 |    426 |      0 |   5 |  322.0 |
  Orcish Mines |   1893 |   1250 |    643 |      0 |    663 |   2 |  946.5 |
   Elven Halls |   3312 |   2327 |    985 |    234 |    757 |   3 | 1104.0 |
        Vaults |   7339 |   4573 |   2766 |    326 |   2736 |   5 | 1467.8 |
         Crypt |   3023 |   1835 |   1188 |      0 |    909 |   3 | 1007.7 |
         Abyss |   3460 |   3460 |      0 |   1004 |    167 |   2 | 1730.0 |
         Sewer |    371 |    371 |      0 |      0 |     42 |   1 |  371.0 |
        Wizlab |    648 |    648 |      0 |      4 |      0 |   1 |  648.0 |
    Desolation |    502 |    502 |      0 |      0 |      0 |   1 |  502.0 |
               +--------+--------+--------+--------+--------+-----+--------+

Top non-repeatable levels by time:
 Abyss:3: 3053 daAuts
Vaults:2: 1678 daAuts
Vaults:4: 1532 daAuts
Vaults:3: 1528 daAuts
 Crypt:3: 1342 daAuts
Vaults:1: 1337 daAuts
   Orc:2: 1325 daAuts
   Elf:3: 1312 daAuts
    D:10: 1301 daAuts
Vaults:5: 1261 daAuts
  Lair:2: 1236 daAuts
    D:11: 1186 daAuts
 Snake:4: 1177 daAuts
     D:4: 1052 daAuts
     D:1: 1013 daAuts
